 Dungeon Crawl Stone Soup version 0.27.1-4-g1640c2035a (webtiles) character file.

Game seed: 11160320810695236843

2955 bellerephron the Cleaver (level 9, -8/66 HPs)
             Began as a Demonspawn Fighter on Nov 5, 2021.
             Was an Initiate of Okawaru.
             Mangled by an orc warrior (9 damage)
             ... on level 7 of the Dungeon.
             The game lasted 00:24:13 (6695 turns).

bellerephron the Cleaver (Demonspawn Fighter)       Turns: 6695, Time: 00:24:14

Health: -8/66      AC: 12    Str: 19    XL:     9   Next: 52%
Magic:  11/11      EV:  6    Int: 10    God:    Okawaru [......]
Gold:   76         SH: 20    Dex: 13    Spells: 8/8 levels left

rFire    + . .     SeeInvis +   a - +0 war axe
rCold    . . .     Faith    .   c - +0 kite shield
rNeg     . . .     Spirit   .   k - +0 chain mail
rPois    .         Reflect  +   (no helmet)
rElec    .         Harm     .   (no cloak)
rCorr    .         Rampage  .   (no gloves)
Will     .....                  E - +0 pair of boots
Stlth    ..........             q - amulet of reflection
HPRegen  0.21/turn              u - ring of protection from fire
MPRegen  0.12/turn              H - ring of see invisible

@: lethally poisoned (-8 -> -17)
A: talons 1, slimy green scales 1, foul stench 2, condensation shield
a: Renounce Religion


You were on level 7 of the Dungeon.
You worshipped Okawaru.
Okawaru was noncommittal.
You visited 2 branches of the dungeon, and saw 8 of its levels.

You collected 219 gold pieces.
You spent 143 gold pieces at shops.

Inventory:

Hand Weapons
 a - a +0 war axe (weapon)
 y - a +0 whip of venom
Missiles
 b - 7 poisoned darts (quivered)
 i - 5 silver javelins
 l - 273 stones
 n - 10 boomerangs
 C - 4 curare-tipped darts
Armour
 c - a +0 kite shield (worn)
 k - a +0 chain mail (worn)
 w - a +0 tower shield
 E - a +0 pair of boots (worn)
 J - a +0 plate armour
Jewellery
 m - an amulet of the acrobat
 q - an amulet of reflection (around neck)
 t - an amulet of magic regeneration
 u - a ring of protection from fire (left hand)
 H - a ring of see invisible (right hand)
Wands
 r - a wand of flame (12)
 D - a wand of acid (9)
 I - a wand of mindburst (15)
 L - a wand of polymorph (2)
Scrolls
 e - 4 scrolls of teleportation
 f - a scroll of immolation
 g - 2 scrolls of noise {unknown}
 h - 3 scrolls of identify {unknown}
 j - 2 scrolls of amnesia {unknown}
 p - 2 scrolls of fog {unknown}
 s - 3 scrolls of enchant armour {unknown}
 v - a scroll of summoning {unknown}
 x - 2 scrolls of enchant weapon {unknown}
Potions
 d - 2 potions of lignification {unknown}
 o - a potion of ambrosia
 z - 3 potions of curing
 A - a potion of degeneration {unknown}
 B - a potion of brilliance {unknown}
 F - a potion of resistance
 G - a potion of flight {unknown}
 K - 2 potions of heal wounds {unknown}


   Skills:
 + Level 4.3 Fighting
 + Level 8.4 Axes
 + Level 1.3 Throwing
 + Level 4.5 Armour
 + Level 1.3 Dodging
 * Level 7.5 Shields
 * Level 2.6 Invocations


You had 8 spell levels left.
You didn't know any spells.
Your spell library contained the following spells:

 Spells                   Type           Power      Damage    Failure   Level
 Corona                   Hex            0%         N/A       100%        1
 Freeze                   Ice            0%         1d3       100%        1
 Ensorcelled Hibernation  Hex/Ice        0%         N/A       100%        2
 Frozen Ramparts          Ice            0%         1d2       100%        3
 Gell's Gravitas          Tloc           0%         N/A       100%        3
 Lesser Beckoning         Tloc           0%         N/A       100%        3
 Teleport Other           Tloc           0%         N/A       100%        3
 Tukima's Dance           Hex            0%         N/A       100%        3
 Animate Dead             Necr           0%         N/A       100%        4
 Hailstorm                Conj/Ice       0%         3d3       100%        4
 Blade Hands              Tmut           0%         N/A       100%        5
 Irradiate                Conj/Tmut      0%         3d13      100%        5
 Dragon Form              Tmut           0%         N/A       100%        7
 Haunt                    Necr/Summ      0%         N/A       100%        7
 Infestation              Necr           0%         N/A       100%        8


Dungeon Overview and Level Annotations

Branches:
Dungeon (7/15)             Temple (1/1) D:6

Altars:
Ashenzari
Cheibriados
Elyvilon
Fedhas
Gozag
Kikubaaqudgha
Nemelex Xobeh
Okawaru
Qazlal
Ru
Sif Muna
Vehumet
Xom
The Shining One

Shops:
D:6 =**[

Annotations:
D:4 2 runed translucent doors


Innate Abilities, Weirdness & Mutations

You have sharp toenails.
You are partially covered in slimy green scales. (AC +2)
You sometimes emit foul miasma when damaged in melee.
A meltable shield of frost defends you. (SH +4)


Message History

The killer bee looks even sicker.
The killer bee seems to slow down.
You kill the killer bee!
Okawaru accepts your kill. The killer bee stings you.
You block the killer bee's attack. The killer bee stings you.
The orc warrior hits you with a +0 hand axe!
The killer bee stings you.
* * * LOW HITPOINT WARNING * * *
Unknown command.
Unknown command.
Unknown command.
Unknown command.
Unknown command.
Unknown command.
You feel better. You block the killer bee's attack. x3
The killer bee stings you but does no damage.
You block the killer bee's attack.
The orc warrior hits you with a +0 hand axe!
* * * LOW HITPOINT WARNING * * *
You block the killer bee's attack. The orc priest barely misses you.
Unknown command.
Unknown command.
Unknown command.
Unknown command.
Unknown command.
You closely miss the orc priest. You barely miss the orc warrior.
You barely miss the killer bee. You closely miss the killer bee. x2
You block the killer bee's attack. x2; The killer bee stings you.
* * * LOW HITPOINT WARNING * * *
You are poisoned.
The killer bee poisons you!
You emit a cloud of foul miasma!
The killer bee stings you!
* * * LOW HITPOINT WARNING * * *
The killer bee stings you but does no damage.
The killer bee is engulfed in dark miasma.
The killer bee is poisoned.
The killer bee seems to slow down.
The killer bee stings you.
* * * LOW HITPOINT WARNING * * *
The orc warrior hits you with a +0 hand axe!
You die...

.................###
..............###
#.......##### ###
#.........# #..
#......########## .
##.....+......... ...
#..(...###.......
#....###o...........<...
#....☼@o...#.###...†...
##...yyy...#.#.........
###..o....#..........>
####....###.#.......
#....# #.##....#.
#..(... #....#. ..((.###
#...... ....# ........
.##.....<


You could see an orc warrior, 3 killer bees, an orc priest and an orc.

Vanquished Creatures
  Sigmund (D:6)
  A wyvern (D:7)
  Duvessa (D:5)
  2 orc warriors
  A black bear (D:4)
  4 necrophages
  3 ogres
  A phantom (D:6)
  3 scorpions
  Dowan (D:5)
  A wyvern skeleton (D:6)
  2 killer bees (D:7)
  A howler monkey (D:4)
  2 bullfrog zombies (D:5)
  2 centaur zombies
  4 hounds
  2 orc priests
  A jelly (D:4)
  A bullfrog skeleton (D:5)
  4 iguanas
  Natasha (twice) (D:3)
  5 orc wizards
  A hound skeleton (D:5)
  2 howler monkey skeletons
  8 adders
  A gnoll (D:7)
  A shadow imp (D:7)
  A white imp (D:7)
  An ufetubus (D:7)
  An adder skeleton (D:4)
  A worm (D:5)
  2 dart slugs (D:3)
  16 orcs
  2 bats
  6 endoplasms
  2 giant cockroaches (D:1)
  4 hobgoblins
  3 jackals
  A quokka (D:2)
  7 ball pythons
  3 frilled lizards (D:1)
  3 goblins
  9 kobolds
  4 rats
124 creatures vanquished.

Notes
Turn   | Place    | Note
-------+----------+-------------------------------------------
     0 | D:1      | bellerephron the Demonspawn Fighter began the quest for the
                  | Orb.
     0 | D:1      | Reached XP level 1. HP: 18/18 MP: 1/1
    82 | D:1      | Found a faded altar of an unknown god.
    88 | D:1      | Reached skill level 2 in Axes
   192 | D:1      | Gained mutation: You have sharp toenails. [demonic
                  | ancestry]
   192 | D:1      | Reached XP level 2. HP: 24/24 MP: 2/2
   402 | D:1      | You fall into a shaft and drop 1 floor!
   617 | D:2      | Gained mutation: You may rarely emit foul miasma when
                  | damaged in melee. [demonic ancestry]
   617 | D:2      | Reached XP level 3. HP: 6/29 MP: 3/3
  2250 | D:3      | Noticed a necrophage
  2251 | D:3      | Noticed Natasha
  2261 | D:3      | Killed a necrophage
  2262 | D:3      | Reached skill level 3 in Axes
  2262 | D:3      | Gained mutation: You are partially covered in slimy green
                  | scales. (AC +2) [demonic ancestry]
  2262 | D:3      | Reached XP level 4. HP: 12/35 MP: 4/4
  2262 | D:3      | Reached XP level 5. HP: 14/41 MP: 5/5
  2268 | D:3      | Killed Natasha
  2308 | D:3      | Noticed Natasha
  2346 | D:3      | Killed Natasha
  2602 | D:3      | Reached skill level 4 in Axes
  2623 | D:3      | Reached XP level 6. HP: 38/47 MP: 6/6
  3120 | D:4      | Reached skill level 1 in Dodging
  3267 | D:4      | Reached skill level 5 in Axes
  3269 | D:4      | Reached XP level 7. HP: 37/52 MP: 7/7
  3368 | D:4      | Found a large runed translucent door.
  3368 | D:4      | Found a large runed translucent door.
  3867 | D:5      | Entered Level 5 of the Dungeon
  4058 | D:5      | Reached skill level 5 in Shields
  4088 | D:5      | Reached skill level 6 in Axes
  4198 | D:5      | Gained mutation: A meltable shield of frost defends you.
                  | (SH +4) [demonic ancestry]
  4198 | D:5      | Reached XP level 8. HP: 55/60 MP: 8/8
  4677 | D:5      | Noticed Duvessa
  4684 | D:5      | Killed Duvessa
  4684 | D:5      | Noticed Dowan
  4707 | D:5      | Killed Dowan
  5238 | D:6      | Reached skill level 7 in Axes
  5340 | D:6      | Found Hohuwnij's General Store.
  5342 | D:6      | Found Koringir's Antique Armour Shop.
  5351 | D:6      | Bought a potion of resistance for 110 gold pieces
  5351 | D:6      | Bought a scroll of teleportation for 33 gold pieces
  5368 | D:6      | Found Wyurhaecva's Assorted Antiques.
  5891 | D:6      | Noticed Sigmund
  5898 | D:6      | Killed Sigmund
  5899 | D:6      | Gained mutation: You sometimes emit foul miasma when
                  | damaged in melee. [demonic ancestry]
  5899 | D:6      | Reached XP level 9. HP: 61/65 MP: 9/9
  6023 | D:6      | Found Xaaprun's Jewellery Shop.
  6056 | D:6      | Found a staircase to the Ecumenical Temple.
  6065 | Temple   | Entered the Ecumenical Temple
  6126 | Temple   | Became a worshipper of Warmaster Okawaru
  6245 | D:7      | Reached skill level 1 in Throwing
  6348 | D:7      | Reached skill level 8 in Axes
  6348 | D:7      | Reached skill level 1 in Invocations
  6525 | D:7      | Found a sacrificial altar of Ru.
  6695 | D:7      | HP: 1/66 [killer bee (4)]
  6695 | D:7      | Mangled by an orc warrior

Illustrated notes

Levels and vault maps discovered:
D:1:      dpeg_arrival_brainrot, layout_rooms,
          hellmonk_ecumenical_altar_blasted, nrook_loot_triangle,
          chequers_avenue, minmay_box_of_dots
D:2:      layout_basic, hangedman_decor_lopped
D:3:      layout_loops_ring, uniq_natasha
D:4:      layout_cave_pools, jmf_multi_god_temple2
D:5:      layout_basic, minmay_quadrilaterals, uniq_duvessa
D:6:      layout_basic, minmay_temple_entry_poolview, serial_shops, shop, shop,
          shop, nicolae_lakefront_shop, uniq_sigmund
D:7:      layout_basic, gammafunk_temple_overflow_forgotten,
          makhleb_grotto_becter, nicolae_ru_sacrificial_ziggurat,
          lemuel_tele_altar, serial_curves, eino_curves_02, eino_curves_01
Temple:   nicolae_temple_god_jail

Skill      XL: |  1  2  3  4  5  6  7  8  9 |
---------------+----------------------------+-----
Axes           | 2 3 4 5 6 7 8 |  8.4
Shields        | 3 4 5 6 7 |  7.5
Armour         | 3 4 |  4.5
Dodging        | 1 |  1.3
Fighting       | 4 |  4.3
Throwing       | 1 |  1.3
Invocations    | 2 |  2.6

Action                   |  1- 3 |  4- 6 |  7- 9 || total
-------------------------+-------+-------+-------++-------
Melee: War axe           |    97 |    77 |   295 ||   469
       Kick              |    21 |    22 |    46 ||    89
Throw: Dart              |       |     3 |    25 ||    28
       Boomerang         |       |       |     1 ||     1
  Use: Potion            |       |     6 |     1 ||     7
Armor: Scale mail        |    48 |    17 |       ||    65
       Chain mail        |       |    27 |   111 ||   138
Dodge: Dodged            |    33 |    18 |    53 ||   104
Block: Kite shield       |    42 |    59 |   320 ||   421
       Reflection        |     1 |     4 |     3 ||     8
